 Dungeon Crawl Stone Soup version 0.31-a0-1308-ga3cce3a448 (webtiles) character file.

Game seed: 17477718256836598978

3684 jlumianski the Grappler (level 10, -15/76 HPs)
             Began as a Gnoll Shapeshifter on Dec 20, 2023.
             Demolished by a two-headed ogre
             ... wielding a +0 giant club
              (21 damage)
             ... on level 8 of the Dungeon.
             The game lasted 00:31:55 (6860 turns).

jlumianski the Grappler (Gnoll Shapeshifter)        Turns: 6860, Time: 00:31:57

Health: -15/76     AC:  6    Str: 18    XL:     10   Next: 13%
Magic:  17/17      EV: 14    Int: 10    God:
Gold:   1212       SH:  0    Dex: 11    Spells: 18/19 levels left

rFire   + + .        t - +5 demon whip "Athaa" {flame, *Slow rF++ rC++}
rCold   + + .        (no shield)
rNeg    . . .        J - +0 steam dragon scales
rPois   +            (helmet currently unavailable)
rElec   .            (cloak currently unavailable)
rCorr   .            (gloves currently unavailable)
SInv    .            (boots currently unavailable)
Will    +....        (no amulet)
Stlth   +++          o - ring of poison resistance
HPRegen 0.32/turn    F - ring of willpower
MPRegen 0.15/turn

%: slow self (1%)
@: beast-form
A: beast (slay +4), fangs 1, strong nose, distributed training
a: Begin Untransformation


You were on level 8 of the Dungeon.
You were a hulking beast.
You visited 2 branches of the dungeon, and saw 10 of its levels.

You collected 1212 gold pieces.

Inventory:

Hand Weapons
 k - a +2 dagger of venom
 t - the +5 demon whip "Athaa" (weapon) {flame, *Slow rF++ rC++}
   (You acquired it on level 3 of the Dungeon)

   rF++:      It greatly protects you from fire.
   rC++:      It greatly protects you from cold.
   *Slow:     It may slow you when you take damage.
 I - a +2 scimitar of flaming
Missiles
 f - 40 poisoned darts (quivered)
 K - 2 throwing nets
Armour
 a - a +0 animal skin
 h - a +0 leather armour
 l - a +0 ring mail
 r - a +0 chain mail
 u - a +0 helmet
 v - a +3 leather armour
 C - a +0 pair of gloves
 H - the +2 leather armour of the Slug {-Tele rElec rF- rC+++}
   (You found it on level 6 of the Dungeon)

   rF-:       It makes you vulnerable to fire.
   rC+++:     It renders you almost immune to cold.
   rElec:     It insulates you from electricity.
   -Tele:     It prevents most forms of teleportation.
 J - +0 steam dragon scales (worn)
 L - a +0 cloak
Magical Staves
 S - a staff of earth
Jewellery
 o - a ring of poison resistance (left hand)
 q - a ring of magical power
 z - an amulet of magic regeneration
 F - a ring of willpower (right hand)
 O - a ring of resist corrosion
Talismans
 c - a beast talisman
 d - a flux talisman
 E - a blade talisman
Wands
 B - a wand of flame (38)
 M - a wand of paralysis (8)
Scrolls
 e - a scroll of torment
 g - a scroll of fog
 j - 2 scrolls of vulnerability
 m - a scroll of immolation
 p - a scroll of amnesia
 s - a scroll of noise
 w - 4 scrolls of teleportation
 y - a scroll of poison
 D - a scroll of enchant armour
 G - a scroll of butterflies {unknown}
 N - a scroll of silence {unknown}
 P - a scroll of enchant weapon
Potions
 b - 4 potions of lignification
 i - 3 potions of might
 n - 3 potions of mutation
 x - a potion of berserk rage
 A - 4 potions of curing
 Q - a potion of resistance
 R - a potion of heal wounds


   Skills:
 + Level 5.7 Fighting
 + Level 5.1 Short Blades
 + Level 5.1 Long Blades
 + Level 5.1 Axes
 + Level 5.1 Maces & Flails
 + Level 5.1 Polearms
 + Level 5.1 Staves
 + Level 5.1 Ranged Weapons
 + Level 5.1 Throwing
 + Level 5.1 Armour
 + Level 6.9 Dodging
 + Level 5.1 Stealth
 + Level 5.1 Shields
 + Level 8.4 Unarmed Combat
 + Level 5.1 Spellcasting
 + Level 4.2 Conjurations
 + Level 4.2 Hexes
 + Level 4.2 Summonings
 + Level 4.2 Necromancy
 + Level 4.2 Translocations
 + Level 4.2 Transmutations
 + Level 4.2 Fire Magic
 + Level 4.2 Ice Magic
 + Level 4.2 Air Magic
 + Level 4.2 Earth Magic
 + Level 4.2 Poison Magic
 + Level 5.6 Invocations
 + Level 5.1 Evocations
 + Level 8.1 Shapeshifting


You had 18 spell levels left.
You knew the following spells:

 Your Spells              Type           Power      Damage    Failure   Level
a - Slow                  Hex            40%        N/A       4%          1

Your spell library contained the following spells:

 Spells                   Type           Power      Damage    Failure   Level
 Confusing Touch          Hex            10%        N/A       12%         3
 Dazzling Flash           Conj/Hex       20%        N/A       12%         3
 Inner Flame              Hex/Fire       10%        N/A       12%         3
 Sigil of Binding         Hex            10%        N/A       12%         3
 Tukima's Dance           Hex            10%        N/A       12%         3
 Vampiric Draining        Necr           10%        2d6       12%         3
 Volatile Blastmotes      Fire/Tloc      20%        2d11      12%         3
 Animate Armour           Summ/Erth      20%        N/A       38%         4
 Dimensional Bullseye     Hex/Tloc       5%         N/A       38%         4
 Flame Wave               Conj/Fire      10%        2d6       38%         4
 Fulminant Prism          Conj/Hex       5%         3d6       38%         4
 Iskenderun's Mystic Bla  Conj/Tloc      10%        2d4       38%         4
 Sticky Flame             Conj/Fire      10%        2d3       38%         4
 Summon Lightning Spire   Summ/Air       10%        N/A       38%         4
 Lee's Rapid Deconstruct  Erth           5%         3d6*      75%         5
 Starburst                Conj/Fire      5%         6d4       99%         6
 Maxwell's Capacitive Co  Air            5%         ∞         100%        8


Dungeon Overview and Level Annotations

Branches:
Dungeon (9/15)             Temple (1/1) D:5
   Lair: D:8-11         Orc: D:9-12

Altars:
Ashenzari
Cheibriados
Dithmenos
Elyvilon
Fedhas
Gozag
Hepliaklqana
Kikubaaqudgha
Makhleb
Nemelex Xobeh
Okawaru
Qazlal
Ru
Sif Muna
Trog
Uskayaw
Vehumet
Xom
Yredelemnul
Zin


Innate Abilities, Weirdness & Mutations

You are a hulking beast.
Your limbs bulge with bestial killing power. (Slay +4)
You have very sharp teeth.
Your uncanny sense of smell can sniff out nearby items.
Your experience applies equally to all skills.


Message History

You hear the roar of battle.
There is an entrance to a bailey on this level.
Hurry and find it before the portal closes forever!
Found a plate armour.
There is a stone staircase leading up here.
Okay, then.
Unknown command.
Unknown command.
You see here a +0 plate armour.
You now have 1212 gold pieces (gained 9).
M - a wand of paralysis (8) (gained 4 charges)
Found an amulet of magic regeneration.
Found a stone staircase leading up.
A two-headed ogre comes into view.
It is wielding a +0 giant club and a +0 giant spiked club.
Found 12 gold pieces and a leather armour.
The two-headed ogre shouts in stereo!
You hear an angry buzzing noise.
There is a stone staircase leading up here.
You climb upwards.
There is a stone staircase leading down here.
You climb downwards.
You hear the roar of battle.
There is an entrance to a bailey on this level.
Hurry and find it before the portal closes forever!
There is a stone staircase leading up here.
The two-headed ogre misses you.
The two-headed ogre hits you with a +0 giant spiked club!!
You climb upwards.
There is a stone staircase leading down here.
You completely miss the two-headed ogre.
You bite the two-headed ogre.
The two-headed ogre is lightly wounded.
You whack the two-headed ogre! You burn the two-headed ogre.
The two-headed ogre is heavily wounded.
The two-headed ogre hits you with a +0 giant club!!
The two-headed ogre misses you.
You whack the two-headed ogre! You burn the two-headed ogre.
Your bite misses the two-headed ogre.
The two-headed ogre is severely wounded.
The two-headed ogre hits you with a +0 giant club!!
* * * LOW HITPOINT WARNING * * *
The two-headed ogre hits you with a +0 giant spiked club!!
You die...

##################
...†.........)...#
........###### #O#
#####...########h#
##..<.....##.#
#.######.##.# #)#
#.# #)# #.# #<#
#.. #)# ##. #>####
. #.#..


You could see a two-headed ogre.

Vanquished Creatures
  Pikel (D:7)
  The ghost of MothFluffs the Insei, a novice GnSh of Lugonu (D:5)
  Maggie (D:6)
  4 yaks (D:6)
  Menkaure (D:7)
  A water moccasin (D:6)
  A sky beast (D:8)
  An ice beast (D:5)
  An orc warrior (D:7)
  An ogre (D:4)
  3 lemures (D:7)
  A phantom (D:3)
  4 kobold brigands
  2 bullfrogs (D:6)
  2 scorpions
  4 killer bees
  7 hounds
  2 orc priests (D:3)
  A gnoll bouda (D:5)
  4 iguanas
  3 orc wizards
  The ghost of particleface the Sneak, a weakling DEDe (D:3)
  5 gnolls
  9 adders
  A shadow imp (D:6)
  4 ufetubi (D:5)
  2 worms
  2 dart slugs
  18 orcs
  3 ball pythons
  9 endoplasms
  3 giant cockroaches
  10 goblins
  7 hobgoblins
  4 bats
  6 frilled lizards
  29 kobolds
  8 rats
167 creatures vanquished.

Notes
Turn   | Place    | Note
-------+----------+-------------------------------------------
     0 | D:1      | jlumianski the Gnoll Shapeshifter began the quest for the
                  | Orb.
     0 | D:1      | Reached XP level 1. HP: 17/17 MP: 1/1
   119 | D:1      | Found a faded altar of an unknown god.
   152 | D:1      | Reached XP level 2. HP: 23/23 MP: 2/2
   651 | D:1      | Reached XP level 3. HP: 28/28 MP: 3/3
  1010 | D:2      | Reached skill level 1 in Invocations
  1152 | D:3      | Reached skill level 1 in Short Blades
  1152 | D:3      | Reached skill level 1 in Long Blades
  1152 | D:3      | Reached skill level 1 in Axes
  1152 | D:3      | Reached skill level 1 in Maces & Flails
  1152 | D:3      | Reached skill level 1 in Polearms
  1152 | D:3      | Reached skill level 1 in Staves
  1152 | D:3      | Reached skill level 1 in Ranged Weapons
  1152 | D:3      | Reached skill level 1 in Throwing
  1152 | D:3      | Reached skill level 1 in Armour
  1152 | D:3      | Reached skill level 1 in Stealth
  1152 | D:3      | Reached skill level 1 in Shields
  1152 | D:3      | Reached skill level 1 in Spellcasting
  1152 | D:3      | Reached skill level 1 in Evocations
  1238 | D:2      | Reached skill level 1 in Conjurations
  1238 | D:2      | Reached skill level 1 in Hexes
  1238 | D:2      | Reached skill level 1 in Summonings
  1238 | D:2      | Reached skill level 1 in Necromancy
  1238 | D:2      | Reached skill level 1 in Translocations
  1238 | D:2      | Reached skill level 1 in Transmutations
  1238 | D:2      | Reached skill level 1 in Fire Magic
  1238 | D:2      | Reached skill level 1 in Ice Magic
  1238 | D:2      | Reached skill level 1 in Air Magic
  1238 | D:2      | Reached skill level 1 in Earth Magic
  1238 | D:2      | Reached skill level 1 in Poison Magic
  1238 | D:2      | Reached XP level 4. HP: 19/34 MP: 5/5
  1323 | D:2      | Reached XP level 5. HP: 9/40 MP: 5/7
  2099 | D:3      | Found a sacrificial altar of Ru.
  2344 | D:4      | Noticed a phantom
  2344 | D:4      | Noticed an ogre
  2404 | D:3      | Killed a phantom
  2405 | D:3      | Reached skill level 5 in Dodging
  2405 | D:3      | Reached XP level 6. HP: 42/47 MP: 8/8
  2525 | D:3      | Found a blossoming altar of Fedhas.
  2639 | D:3      | Found a runed translucent door.
  2646 | D:3      | Noticed particleface's ghost (weakling DEDe)
  3001 | D:3      | Killed particleface's ghost
  3025 | D:3      | Identified 2 scrolls of acquirement
  3045 | D:3      | Acquired 767 gold pieces
  3047 | D:3      | Acquired the +5 demon whip "Athaa" {flame, *Slow rF++ rC++}
  3189 | D:5      | Entered Level 5 of the Dungeon
  3410 | D:4      | Reached XP level 7. HP: 52/52 MP: 10/10
  3756 | D:5      | Found an iron altar of Okawaru.
  3921 | D:5      | Found a runed translucent gate.
  3921 | D:5      | Found a runed translucent gate.
  3921 | D:5      | Found a runed translucent gate.
  3923 | D:5      | Noticed MothFluffs's ghost (novice GnSh)
  3985 | D:5      | Found a radiant altar of Vehumet.
  3993 | D:5      | Found a staircase to the Ecumenical Temple.
  4008 | Temple   | Entered the Ecumenical Temple
  4234 | D:6      | Reached XP level 8. HP: 55/60 MP: 12/12
  4535 | D:5      | Killed MothFluffs's ghost
  4810 | D:6      | Identified the +2 leather armour of the Slug {-Tele rElec
                  | rF- rC+++}
  4812 | D:6      | Noticed Maggie
  4822 | D:6      | Killed Maggie
  4837 | D:6      | Learned a level 1 spell: Slow
  5108 | D:6      | Noticed a yak
  5109 | D:6      | Reached XP level 9. HP: 60/66 MP: 14/14
  5129 | D:6      | Reached skill level 5 in Fighting
  5753 | D:6      | Reached skill level 5 in Invocations
  6109 | D:7      | Noticed Menkaure
  6115 | D:7      | Killed Menkaure
  6599 | D:7      | Noticed Pikel
  6617 | D:7      | Killed Pikel
  6618 | D:7      | Reached skill level 5 in Short Blades
  6618 | D:7      | Reached skill level 5 in Long Blades
  6618 | D:7      | Reached skill level 5 in Axes
  6618 | D:7      | Reached skill level 5 in Maces & Flails
  6618 | D:7      | Reached skill level 5 in Polearms
  6618 | D:7      | Reached skill level 5 in Staves
  6618 | D:7      | Reached skill level 5 in Ranged Weapons
  6618 | D:7      | Reached skill level 5 in Throwing
  6618 | D:7      | Reached skill level 5 in Armour
  6618 | D:7      | Reached skill level 5 in Stealth
  6618 | D:7      | Reached skill level 5 in Shields
  6618 | D:7      | Reached skill level 5 in Spellcasting
  6618 | D:7      | Reached skill level 5 in Evocations
  6618 | D:7      | Reached XP level 10. HP: 69/76 MP: 17/17
  6850 | D:9      | Noticed a two-headed ogre
  6860 | D:8      | Demolished by a two-headed ogre

Illustrated notes

Levels and vault maps discovered:
D:1:      scummos_arrival_simple_crosswalls, layout_loops_cross,
          chequers_ecumenical_altar_lobes, minmay_split_cup_small
D:2:      layout_loops_cross
D:3:      layout_loops_ring, fedhas_altar_4, nicolae_ru_path_of_blood,
          ebering_ghost_sewer_d, minmay_misc_feat_alley, st_stairs_13,
          cheibrodos_gnoll_hut
D:4:      layout_cave_pods
D:5:      layout_basic, nicolae_overflow_hidden_temple, vehumet_altar_wand_db,
          minmay_temple_entry_mist, gammafunk_ghost_nasty_kobolds,
          eino_small_chamber_without_monster
D:6:      layout_loops_corners, lexackson_kobold_supper, uniq_maggie
D:7:      layout_rooms, uniq_pikel, uniq_menkaure
D:8:      layout_loops_ring, gammafunk_temple_overflow_statue, special_room
          [special_room_orc]
D:9:      layout_cave_pools, enter_bailey_2, nicolae_twisty_statue_hallways
Temple:   nicolae_temple_elliptical

Skill      XL: |  1  2  3  4  5  6  7  8  9 |
---------------+----------------------------+-----
Invocations    | 1 2 3 4 5 |  5.6
Short Blades   | 1 2 3 5 |  5.1
Long Blades    | 1 2 3 5 |  5.1
Axes           | 1 2 3 5 |  5.1
Maces & Flails | 1 2 3 5 |  5.1
Polearms       | 1 2 3 5 |  5.1
Staves         | 1 2 3 5 |  5.1
Ranged Weapons | 1 2 3 5 |  5.1
Throwing       | 1 2 3 5 |  5.1
Armour         | 1 2 3 5 |  5.1
Stealth        | 1 2 3 5 |  5.1
Shields        | 1 2 3 5 |  5.1
Spellcasting   | 1 2 3 5 |  5.1
Evocations     | 1 2 3 5 |  5.1
Conjurations   | 1 2 3 4 |  4.2
Hexes          | 1 2 3 4 |  4.2
Summonings     | 1 2 3 4 |  4.2
Necromancy     | 1 2 3 4 |  4.2
Translocations | 1 2 3 4 |  4.2
Transmutations | 1 2 3 4 |  4.2
Fire Magic     | 1 2 3 4 |  4.2
Ice Magic      | 1 2 3 4 |  4.2
Air Magic      | 1 2 3 4 |  4.2
Earth Magic    | 1 2 3 4 |  4.2
Poison Magic   | 1 2 3 4 |  4.2
Fighting       | 3 4 5 |  5.7
Dodging        | 5 6 |  6.9
Unarmed Combat | 7 8 |  8.4
Shapeshifting  | 7 8 |  8.1

Action                     |  1- 3 |  4- 6 |  7- 9 | 10-12 || total
---------------------------+-------+-------+-------+-------++-------
  Melee: Unarmed           |    66 |   112 |       |       ||   178
         Bite              |     5 |    11 |    20 |     2 ||    38
         Punch             |     5 |     4 |     8 |     1 ||    18
         Demon whip        |       |     5 |   225 |     9 ||   239
  Throw: Dart              |       |       |     3 |       ||     3
   Cast: Slow              |       |       |     1 |       ||     1
  Evoke: Wand              |       |       |     3 |       ||     3
    Use: Potion            |     1 |     1 |     3 |       ||     5
         Scroll            |       |     9 |     8 |       ||    17
   Stab: Sleeping          |     1 |       |     1 |       ||     2
 Armour: Animal skin       |     9 |       |       |       ||     9
         Leather armour    |     7 |       |       |       ||     7
         Ring mail         |    15 |    35 |       |       ||    50
         Chain mail        |       |    33 |    78 |       ||   111
         Steam dragon scal |       |       |    81 |     9 ||    90
  Dodge: Dodged            |    27 |    55 |   151 |     2 ||   235

Table legend: (Time is in decaauts)
 A = Elapsed time spent in this place.
 B = Non-inter-level travel time spent in this place.
 C = Inter-level travel time spent in this place.
 D = Time resting spent in this place.
 E = Time spent auto-exploring this place.
 F = Levels seen in this place.
 G = Mean time per level.
                   A        B        C        D        E       F      G
               +--------+--------+--------+--------+--------+-----+--------+
         Total |   6844 |   6614 |    230 |    716 |   3281 |  10 |  684.4 |
       Dungeon |   6754 |   6524 |    230 |    716 |   3281 |   9 |  750.4 |
        Temple |     89 |     89 |      0 |      0 |      0 |   1 |   89.0 |
               +--------+--------+--------+--------+--------+-----+--------+

Top non-repeatable levels by time:
     D:6: 1323 daAuts
     D:3: 1042 daAuts
     D:5: 913 daAuts
     D:2: 866 daAuts
     D:1: 862 daAuts
     D:4: 804 daAuts
     D:7: 749 daAuts
     D:8: 162 daAuts
  Temple: 89 daAuts
     D:9: 30 daAuts
